 Dungeon Crawl Stone Soup version 0.17.1-1-g73c8601 (webtiles) character file.

284 DeXoteric the Sneak (level 6, -2/28 HPs)
             Began as a Spriggan Enchanter on Dec 22, 2015.
             Was an Initiate of Dithmenos.
             Killed by nerve-wracking pain
             ... invoked by Grinder
              (11 damage)
             ... while paralysed by Grinder
             ... on level 4 of the Dungeon.
             The game lasted 00:11:51 (3657 turns).

DeXoteric the Sneak (Spriggan Enchanter)            Turns: 3657, Time: 00:11:51

Health: -2/28      AC:  4    Str:  4    XL:     6   Next: 7%
Magic:  2/13       EV:  4    Int: 18    God:    Dithmenos [......]
Gold:   174        SH:  0    Dex: 17    Spells: 4 memorised, 4 levels left

rFire  . . .     SeeInvis +     a - +1 dagger
rCold  . . .     Clarity  .     b - +1 robe
rNeg   . . .     SustAt   .     (shield restricted)
rPois  .         Gourm    .     (helmet restricted)
rElec  .         Spirit   .     g - +0 cloak
rCorr  .         Warding  .     (gloves unavailable)
rMut   .         Stasis   .     (boots unavailable)
MR     +....                    (no amulet)
Stlth  ++++......               (no ring)
                                (no ring)

@: paralysed, very slightly contaminated, very quick, somewhat resistant to
hostile enchantments, stealthy
A: unfitting armour, see invisible, herbivore 3, speed 3, slow metabolism 2
a: Renounce Religion


You were on level 4 of the Dungeon.
You worshipped Dithmenos.
Dithmenos was noncommittal.
You were not hungry.

You visited 1 branch of the dungeon, and saw 4 of its levels.

You collected 174 gold pieces.

Inventory:

Hand Weapons
 a - a +1 dagger (weapon)
Armour
 b - a +1 robe (worn)
 g - a +0 cloak (worn)
Scrolls
 f - 6 scrolls of identify {unknown}
 h - 2 scrolls of remove curse {unknown}
 i - 2 scrolls of teleportation {unknown}
 j - 2 scrolls of blinking {unknown}
 l - 2 scrolls of fear {unknown}
 n - a scroll of enchant armour {unknown}
 o - a scroll of amnesia {unknown}
Potions
 e - a potion of beneficial mutation {unknown}
 k - a potion of brilliance {unknown}
 m - a potion of agility {unknown}
 p - 2 potions of curing {unknown}
Books
 c - a book of Maledictions

   Spells                             Type                      Level
   a - Corona                         Hexes                        1
   b - Ensorcelled Hibernation        Hexes/Ice                    2
   c - Confuse                        Hexes                        3
   d - Tukima's Dance                 Hexes                        3
   e - Dazzling Spray                 Conjuration/Hexes            3
Comestibles
 d - 2 bread rations


   Skills:
 + Level 3.1 Short Blades
 - Level 3.0 Dodging
 + Level 6.5 Stealth
 - Level 4.0 Spellcasting
 + Level 5.7 Hexes


You had 4 spell levels left.
You knew the following spells:

 Your Spells              Type           Power        Failure   Level  Hunger
a - Ensorcelled Hibernat  Hex/Ice        ##....       10%         2    ##.....
b - Confuse               Hex            ###.....     4%          3    ###....
c - Tukima's Dance        Hex            ###.....     4%          3    ###....
z - Corona                Hex            ###....      1%          1    None


Dungeon Overview and Level Annotations

Branches:
Dungeon (4/15)
 Temple: D:4-7

Altars:
Ashenzari
Dithmenos
Vehumet
Xom

Annotations:
D:4 Grinder


Innate Abilities, Weirdness & Mutations

You are tiny and cannot use many weapons and most armour.
You have supernaturally acute eyesight.
You are a herbivore.
You cover ground extremely quickly.
You need consume almost no food.


Message History

Grinder barely misses you.
Aim: Grinder (lightly wounded, chance to defeat MR: 53%)
You miscast Confuse.
You are very lightly contaminated with residual magic.
Strange energies run through your body. Grinder hits you.
* * * LOW HITPOINT WARNING * * *
Aim: Grinder (lightly wounded, chance to defeat MR: 53%) Grinder resists with significant effort.
Grinder gestures at you. Pain shoots through your body!
* * * LOW HITPOINT WARNING * * *
You don't have enough magic to cast that spell.
Grinder gestures at you.
You suddenly lose the ability to move!
Grinder gestures.
Grinder blinks!
Grinder says, "My boss said I was rubbish.
His entrails said otherwise."
Grinder gestures at you. Pain shoots through your body!
You die...

#.# ###.###
##.#...#
####...##.#
+.......#.#
####..<##.#
##.###.#
######.##
#...i.5<###
#ยง#.......#
#.#.#####.#
#.#.# #.#
#.#.# #.#
#.#.# #.#
#.#.#####.#
#.#.......#
.###.......###


You could see Grinder.

Vanquished Creatures
  A scorpion (D:4)
  A crimson imp (D:3)
  A worker ant (D:4)
  4 gnolls
  7 adders
  2 oozes
  2 giant geckos
  An orc (D:3)
  4 bats
  4 giant cockroaches
  6 hobgoblins
  3 jackals (D:1)
  A quokka (D:3)
  3 ball pythons
  5 giant newts
  11 goblins
  8 kobolds
  6 rats
70 creatures vanquished.

Notes
Turn   | Place    | Note
--------------------------------------------------------------
     0 | D:1      | DeXoteric the Spriggan Enchanter began the quest for the Orb.
     0 | D:1      | Reached XP level 1. HP: 9/9 MP: 5/5
   646 | D:1      | Reached XP level 2. HP: 5/13 MP: 6/6
   650 | D:1      | Learned a level 2 spell: Ensorcelled Hibernation
  1606 | D:2      | Found a radiant altar of Vehumet.
  1621 | D:2      | Reached XP level 3. HP: 16/16 MP: 8/8
  1625 | D:2      | Reached skill level 5 in Stealth
  1704 | D:2      | Found a shimmering altar of Xom.
  1947 | D:2      | Found a shadowy altar of Dithmenos.
  1990 | D:2      | Became a worshipper of Dithmenos the Shadowed
  2053 | D:2      | Reached XP level 4. HP: 21/21 MP: 9/9
  2472 | D:2      | Reached skill level 5 in Hexes
  2665 | D:3      | Learned a level 3 spell: Confuse
  2669 | D:3      | Learned a level 3 spell: Tukima's Dance
  2814 | D:3      | Reached XP level 5. HP: 22/24 MP: 11/11
  2855 | D:3      | Found a shattered altar of Ashenzari.
  3161 | D:3      | Reached skill level 6 in Stealth
  3440 | D:4      | Noticed Grinder
  3452 | D:4      | Reached XP level 6. HP: 23/28 MP: 2/13
  3655 | D:4      | Paralysed by Grinder for 5 turns
  3657 | D:4      | Killed from afar by Grinder

Action                   |  1- 3 |  4- 6 || total
-------------------------+-------+-------++-------
Melee: Dagger            |   108 |    53 ||   161
 Cast: Ensorcelled Hiber |    16 |    19 ||    35
       Confuse           |       |     3 ||     3
 Stab: Sleeping          |    21 |    24 ||    45
       Distracted        |     3 |     1 ||     4
  Eat: Royal jelly       |       |     1 ||     1
